 Dungeon Crawl Stone Soup version 0.30-a0-1008-g30c9307041 (webtiles) character file.

Game seed: 16882382945586502859

13432 cforsyth the Summoner (level 12, -6/69 HPs)
             Began as an Octopode Summoner on Apr 5, 2023.
             Was an Initiate of Gozag.
             Killed from afar by an ice statue (26 damage)
             ... with a bolt of cold
             ... in an ice cave on Apr 6, 2023.
             The game lasted 00:39:18 (13797 turns).

cforsyth the Summoner (Octopode Summoner)          Turns: 13797, Time: 00:39:18

Health: -6/69      AC: 13    Str: 13    XL:     12   Next: 6%
Magic:  25/27      EV: 13    Int: 23    God:    Gozag
Gold:   2350       SH:  0    Dex: 12    Spells: 21/34 levels left

rFire   + . .      SeeInvis +    e - +0 morningstar of Moassikh {heavy, rCorr SInv}
rCold   . . .      Faith    .    (no shield)
rNeg    . . .      Spirit   .    (helmet restricted)
rPois   +          Reflect  .    (no amulet)
rElec   .          Rampage  .    d - +6 ring of strength
rCorr   +                        u - +4 ring of protection
Will    .....                    B - ring of poison resistance
Stlth   +++                      J - +4 ring of protection
HPRegen 0.31/turn                h - +4 ring of protection
MPRegen 0.20/turn                L - ring of protection from fire
                                 (no ring)
                                 (no ring)

@: no status effects
A: almost no armour, amphibious, 8 rings, camouflage 1, gelatinous body 1,
(nimble swimmer 1), tentacles
a: Renounce Religion, Potion Petition, Call Merchant, Bribe Branch


You were in an ice cave.
You worshipped Gozag.
Gozag was most pleased with you.
You visited 2 branches of the dungeon, and saw 12 of its levels.
You also visited: Ice Cave.

You collected 2385 gold pieces.
You paid 35 gold pieces to Gozag.

Inventory:

Hand Weapons
 e - the +0 morningstar of Moassikh (weapon) {heavy, rCorr SInv}
   (You found it on level 9 of the Dungeon)

   SInv:      It lets you see invisible.
   rCorr:     It protects you from acid and corrosion.
 C - a +0 triple crossbow of draining
Missiles
 D - 2 throwing nets
Magical Staves
 A - a staff of air
Jewellery
 d - a +6 ring of strength (left tentacle)
 h - a +4 ring of protection (on tentacle)
 i - a ring of fire
 u - a +4 ring of protection (right tentacle)
 B - a ring of poison resistance (on tentacle)
 J - a +4 ring of protection (on tentacle)
 L - a ring of protection from fire (on tentacle)
Wands
 b - a wand of polymorph (5)
 v - a wand of digging (1)
 E - a wand of mindburst (20)
 F - a wand of charming (7)
 I - a wand of quicksilver (5)
 N - a wand of roots (7)
Scrolls
 g - 3 scrolls of vulnerability
 j - a scroll of summoning
 k - a scroll of poison {unknown}
 m - a scroll of magic mapping {unknown}
 n - 2 scrolls of amnesia
 o - a scroll of enchant weapon {unknown}
 p - 2 scrolls of fog {unknown}
 s - a scroll of immolation {unknown}
 w - a scroll of silence {unknown}
 y - a scroll of acquirement {unknown}
 G - 2 scrolls of teleportation
 H - a scroll of blinking {unknown}
 K - a scroll of fear {unknown}
Potions
 a - 3 potions of magic
 c - 2 potions of ambrosia
 f - 2 potions of might
 l - a potion of flight
 q - a potion of resistance {unknown}
 r - a potion of cancellation {unknown}
 t - 2 potions of brilliance {unknown}
 x - 3 potions of heal wounds {unknown}
 z - 2 potions of curing
 M - a potion of mutation {unknown}
 O - a potion of invisibility


   Skills:
 + Level 1.4 Fighting
 + Level 2.6 Dodging
 - Level 2.6 Stealth
 - Level 11.5 Spellcasting
 - Level 5.0 Hexes
 - Level 13.0 Summonings
 - Level 5.0 Air Magic


You had 21 spell levels left.
You knew the following spells:

 Your Spells              Type           Power      Damage    Failure   Level
a - Summon Small Mammal   Summ           100%       N/A       1%          1
b - Call Imp              Summ           65%        N/A       1%          2
c - Call Canine Familiar  Summ           65%        N/A       1%          3
d - Summon Guardian Gole  Hex/Summ       53%        N/A       1%          3
e - Summon Lightning Spi  Summ/Air       53%        N/A       1%          4

Your spell library contained the following spells:

 Spells                   Type           Power      Damage    Failure   Level
 Static Discharge         Conj/Air       48%        2-4/arc   2%          2
 Beastly Appendage        Tmut           26%        N/A       4%          1
 Airstrike                Air            18%        2d(3-19)  6%          4
 Blink                    Tloc           26%        N/A       8%          2
 Lesser Beckoning         Tloc           26%        N/A       8%          2
 Momentum Strike          Conj/Tloc      26%        3d8       8%          2
 Wereblood                Tmut           13%        N/A       8%          2
 Gell's Gravitas          Tloc           13%        N/A       14%         3
 Spider Form              Tmut/Pois      13%        N/A       14%         3
 Teleport Other           Tloc           13%        N/A       14%         3
 Volatile Blastmotes      Fire/Tloc      26%        2d12      14%         3
 Fulminant Prism          Conj/Hex       12%        3d8       17%         4
 Iskenderun's Mystic Bla  Conj/Tloc      13%        2d5       43%         4
 Lee's Rapid Deconstruct  Erth           6%         3d6*      80%         5


Dungeon Overview and Level Annotations

Branches:
Dungeon (11/15)            Temple (0/1) D:6            Lair (1/5) D:11
  IceCv (1/1)
    Orc: D:9-12

Altars:
Gozag
Kikubaaqudgha
Makhleb
Qazlal
Sif Muna
Uskayaw
Vehumet
Wu Jian
Zin
The Shining One

Annotations:
D:7 1 runed translucent door, Crazy Yiuf
D:9 3 runed translucent doors, sugarbear's ghost, journeyman DjCj IceCv exclusion: ice statue


Innate Abilities, Weirdness & Mutations

You cannot wear most types of armour.
You are amphibious.
You can wear up to eight rings at the same time.
Your skin changes colour to match your surroundings (Stealth+).
Your rubbery body absorbs attacks. (AC +1, EV +1)
((You are camouflaged when in or above water. (Stealth+)))
You have tentacles for arms and can constrict up to eight enemies at once.


Message History

The ice beast disappears in a puff of smoke! x2
The ice statue gestures at you.
The shard of ice hits your lightning spire!
Your lightning spire partially resists.
Your Fighting skill increases to level 1!
You start resting.
Your lightning spire disappears in a puff of smoke!
Magic restored.
You start waiting.
Done waiting.
You start waiting.
Your warg cocks its head sideways at you.
Your warg disappears in a puff of smoke!
Done waiting.
You start waiting.
Done waiting.
You start waiting.
Done waiting.
Really wriggle into a travel-excluded area?
Casting: Summon Lightning Spire (dangerous; 1% risk of failure)
Confirm with . or Enter, or press ? or * to list all spells.
You puncture the ice statue!
You squeeze the ice statue, but do no damage.
The ice statue is lightly damaged.
The ice statue gestures at you. The freezing blast engulfs you!!
Your wolf is engulfed in freezing vapours.
The ice statue gestures at you. The freezing blast misses you.
You sock the ice statue! You squeeze the ice statue.
The ice statue is moderately damaged.
You are engulfed in freezing vapours.
* * * LOW HITPOINT WARNING * * *
Your wolf is engulfed in freezing vapours. x2
Your wolf dies!
Your wolf's corpse disappears in a puff of smoke!
The ice statue gestures at you. The bolt of cold hits you!!
You die...
Your body crumbles into a pile of gold.

### #..## #....##
##......# ####
##.°...... ##..## ####
#8○°......
#....#####..####@°......
.......##....##°°○......
.∩.∩.......#......○.....
..........###...........
#....##....####.........
##..######.## ##........
#### #...# #$.......#
##.## ##.......# #..#
##.....##


You could see an ice statue.

Vanquished Creatures
  An ice statue (IceCv)
  An unseen horror (D:10)
  An orc wizard (D:7)
  A gnoll (D:8)
  An adder (D:4)
  A giant cockroach (D:4)
  A goblin (D:1)
  2 hobgoblins
  A frilled lizard (D:1)
  A kobold (D:7)
11 creatures vanquished.

Vanquished Creatures (collateral kills)
  2 rime drakes (IceCv)
  An unseen horror (D:10)
  2 kobold demonologists
  A komodo dragon (D:8)
  2 trolls
  A hornet (D:9)
  A vampire (D:10)
  2 wraiths
  A wyvern (D:11)
  9 yaks
  A shadow (D:10)
  Eustachio (D:5)
  4 vampire mosquitoes
  2 steam dragons
  2 acid dragons
  A water moccasin (D:7)
  2 black bears
  4 orc warriors
  2 sky beasts (D:7)
  5 ice beasts
  A wolf (D:11)
  3 bullfrogs (D:7)
  6 kobold brigands
  A gnoll sergeant (D:8)
  4 scorpions
  10 wights
  3 killer bees (D:9)
  3 lindwurm simulacra (IceCv)
  4 howler monkeys
  4 komodo dragon simulacra (IceCv)
  An orc priest (D:11)
  2 hounds
  3 jellies
  13 orc wizards
  5 iguanas
  9 gnolls
  8 adders
  An acid dragon simulacrum (IceCv)
  A shadow imp (D:7)
  2 white imps (D:7)
  2 ufetubi
  2 steam dragon simulacra (IceCv)
  3 dart slugs
  17 orcs
  2 bats
  3 endoplasms
  2 giant cockroaches (D:1)
  4 hobgoblins
  4 jackals (D:4)
  23 kobolds
  6 quokkas
  7 ball pythons
  2 frilled lizards
  5 goblins
  3 rats
215 creatures vanquished.

Vanquished Creatures (others)
  A cyclops (D:7)
  A rime drake (D:11)
  2 ice devils (D:11)
  6 yaks
  A vampire mosquito (D:11)
  Menkaure (D:4)
  A water moccasin (D:6)
  3 ice beasts
  2 ogres
  A centaur (D:7)
  Blork the orc (D:4)
  A bullfrog (D:7)
  A lindwurm simulacrum (IceCv)
  A gnoll bouda (D:6)
  An orc priest (D:7)
  An iguana (D:4)
  2 gnolls (D:8)
  An acid dragon simulacrum (IceCv)
  4 orcs (D:7)
  A plant (D:3)
33 creatures vanquished.

Grand Total: 259 creatures vanquished

Notes
Turn   | Place    | Note
-------+----------+-------------------------------------------
     0 | D:1      | cforsyth the Octopode Summoner began the quest for the Orb.
     0 | D:1      | Reached XP level 1. HP: 11/11 MP: 3/3
   265 | D:1      | Reached XP level 2. HP: 17/17 MP: 1/5
   338 | D:1      | Learned a level 2 spell: Call Imp
   794 | D:1      | Found a faded altar of an unknown god.
  1064 | D:2      | Reached XP level 3. HP: 14/21 MP: 1/7
  1143 | D:2      | Learned a level 3 spell: Call Canine Familiar
  1808 | D:2      | Reached XP level 4. HP: 27/27 MP: 4/8
  2093 | D:3      | Found a shimmering blue altar of Sif Muna.
  2176 | D:3      | Reached skill level 5 in Summonings
  2282 | D:3      | Noticed a scorpion
  2310 | D:3      | Killed a scorpion
  2311 | D:3      | Reached XP level 5. HP: 31/31 MP: 4/10
  2524 | D:3      | Learned a level 3 spell: Summon Guardian Golem
  3118 | D:4      | Found a radiant altar of Vehumet.
  3142 | D:4      | Reached skill level 1 in Hexes
  3142 | D:4      | Reached XP level 6. HP: 29/36 MP: 1/12
  3282 | D:4      | Noticed Blork the orc
  3299 | D:4      | Killed Blork the orc
  3367 | D:4      | Noticed Menkaure
  3379 | D:4      | Killed Menkaure
  3380 | D:4      | Reached skill level 6 in Summonings
  3385 | D:4      | Reached XP level 7. HP: 25/41 MP: 2/13
  3653 | D:4      | Found an ancient bone altar of Kikubaaqudgha.
  3655 | D:4      | Found a stormy altar of Qazlal.
  3828 | D:4      | Found a glowing silver altar of Zin.
  3868 | D:4      | Found an opulent altar of Gozag.
  4065 | D:4      | Became a worshipper of Gozag Ym Sagoz the Greedy
  4267 | D:5      | Entered Level 5 of the Dungeon
  4300 | D:5      | Identified the +0 pair of boots "Yntawul" {rElec rF++ rC-
                  | SInv}
  4466 | D:5      | You fall into a shaft and drop 2 floors!
  4543 | D:7      | Reached skill level 5 in Spellcasting
  4921 | D:5      | Noticed Eustachio
  5043 | D:5      | Killed Eustachio
  5232 | D:5      | Learned a level 4 spell: Summon Lightning Spire
  5606 | D:6      | Reached skill level 1 in Air Magic
  5606 | D:6      | Reached XP level 8. HP: 40/46 MP: 6/16
  5808 | D:6      | Found a staircase to the Ecumenical Temple.
  5861 | D:6      | Reached skill level 7 in Summonings
  6481 | D:7      | Found a runed translucent door.
  6482 | D:7      | Noticed Crazy Yiuf
  6621 | D:7      | Found a hide-covered altar of Uskayaw.
  6839 | D:7      | Reached skill level 5 in Hexes
  6841 | D:7      | Noticed a troll
  6846 | D:7      | Reached XP level 9. HP: 51/51 MP: 9/18
  6878 | D:7      | Killed a troll
  6879 | D:7      | Reached skill level 8 in Summonings
  7058 | D:7      | Reached skill level 5 in Air Magic
  7198 | D:7      | Noticed a cyclops
  7217 | D:7      | Killed a cyclops
  7218 | D:7      | Reached skill level 9 in Summonings
  7226 | D:7      | Reached XP level 10. HP: 20/56 MP: 14/21
  8471 | D:7      | Reached skill level 10 in Summonings
  8994 | D:8      | Reached skill level 11 in Summonings
  9408 | D:8      | Reached XP level 11. HP: 61/61 MP: 10/24
  9832 | D:9      | Reached skill level 10 in Spellcasting
 10067 | D:9      | Identified the +0 morningstar of Moassikh {heavy, rCorr
                  | SInv}
 10315 | D:9      | Found a runed translucent gate.
 10315 | D:9      | Found a runed translucent gate.
 10315 | D:9      | Found a runed translucent gate.
 10477 | D:9      | Found an ornate altar of the Wu Jian Council.
 10778 | D:9      | Noticed sugarbear's ghost (journeyman DjCj)
 10801 | D:10     | Entered Level 10 of the Dungeon
 11109 | D:10     | Reached skill level 12 in Summonings
 11267 | D:10     | Found a glowing golden altar of the Shining One.
 11463 | D:10     | Found a burning altar of Makhleb.
 12147 | D:11     | Found a staircase to the Lair.
 12273 | Lair:1   | Entered Level 1 of the Lair of Beasts
 12408 | D:11     | Found a frozen archway.
 12445 | D:11     | Identified the +5 battleaxe "Pauc" {drain, rPois MP+9
                  | Str+2}
 12450 | IceCv    | Entered an ice cave
 13177 | IceCv    | Reached skill level 13 in Summonings
 13177 | IceCv    | Reached XP level 12. HP: 45/66 MP: 20/27
 13368 | IceCv    | Reached skill level 1 in Fighting
 13797 | IceCv    | Killed from afar by an ice statue

Illustrated notes

Levels and vault maps discovered:
D:1:      dpeg_arrival_windows_large_door, layout_basic,
          hellmonk_ecumenical_altar_leap_of_faith, nrook_mini_vaults,
          minmay_fountain_box, chequers_serial_rivers_large_b, minmay_ruptured
D:2:      layout_loops_ring, grunt_ministairs_2
D:3:      layout_basic, mainiacjoe_overflow_boulevard, minmay_door_square,
          kennysheep_generic_room_13
D:4:      layout_loops_ring, pdpol_temple_overflow_zin_treasury_gozag_greed,
          fiery_altar_vehumet, chequers_temple_overflow_statue_of_worship,
          uniq_blork_the_orc, uniq_menkaure
D:5:      layout_rooms, uniq_eustachio
D:6:      layout_gridville, minmay_temple_entry_metal_lava
D:7:      minmay_the_grid_octo_tiled_squarecenter [minmay_the_grid_octo_77,
          minmay_the_grid_octo_fan_narrow, minmay_the_grid_octo_fat_diamond,
          minmay_the_grid_octo_checkerflower,
          minmay_the_grid_square_5x5_megaprize_crossed,
          minmay_the_grid_square_5x5_bite, minmay_the_grid_square_5x5_two,
          minmay_the_grid_square_5x5_six_small,
          minmay_the_grid_square_5x5_tri_point], layout_basic,
          nicolae_uskayaw_dance_hall, uniq_crazy_yiuf_cottage
D:8:      layout_rooms
D:9:      layout_long_grid, kennysheep_mini, ebering_ghost_rock_garden
D:10:     layout_long_grid, mainiacjoe_overflow_two_lobes, st_stairs_1
D:11:     layout_long_grid, hellmonk_lair_entry_icy,
          portal_ice_cave_demonic_guard, the_hattery
Lair:1:   kb_forest_paths, layout_chaotic_city, wad_woods_river_04,
          beast_lair_carwin_2
IceCv:    ice_cave_small_dragons

Skill      XL: |  1  2  3  4  5  6  7  8  9 10 11 12 |
---------------+-------------------------------------+-----
Spellcasting   | 3 4 5 6 7 9 11 | 11.5
Summonings     | 5 6 7 9 11 13 | 13.0
Hexes          | 1 2 3 5 |  5.0
Air Magic      | 1 3 5 |  5.0
Fighting       | 1 |  1.4
Dodging        | |  2.6
Stealth        | |  2.6

Action                     |  1- 3 |  4- 6 |  7- 9 | 10-12 || total
---------------------------+-------+-------+-------+-------++-------
  Melee: Unarmed           |    19 |    12 |     9 |       ||    40
         Constrict         |    10 |     5 |     5 |     7 ||    27
         Tentacles         |     3 |     2 |     2 |     7 ||    14
         Staff             |       |       |     5 |    10 ||    15
         Morningstar       |       |       |       |    15 ||    15
         Punch             |       |       |       |     1 ||     1
   Cast: Summon Small Mamm |    20 |     7 |     9 |     2 ||    38
         Call Imp          |     7 |     6 |     9 |     3 ||    25
         Call Canine Famil |     5 |    14 |    37 |    43 ||    99
         Summon Guardian G |       |     3 |    17 |    46 ||    66
         Summon Lightning  |       |       |     5 |    39 ||    44
    Use: Scroll            |       |     2 |       |     9 ||    11
         Potion            |       |       |       |     2 ||     2
   Stab: Distracted        |     1 |       |       |     1 ||     2
 Armour: Skin              |     4 |     2 |     6 |    17 ||    29
  Dodge: Dodged            |    28 |    24 |    28 |    40 ||   120

Table legend: (Time is in decaauts)
 A = Elapsed time spent in this place.
 B = Non-inter-level travel time spent in this place.
 C = Inter-level travel time spent in this place.
 D = Time resting spent in this place.
 E = Time spent auto-exploring this place.
 F = Levels seen in this place.
 G = Mean time per level.
                   A        B        C        D        E       F      G
               +--------+--------+--------+--------+--------+-----+--------+
         Total |  13823 |  13359 |    464 |   2219 |   7924 |  13 | 1063.3 |
       Dungeon |  12468 |  12004 |    464 |   1155 |   7924 |  11 | 1133.5 |
          Lair |      1 |      1 |      0 |      0 |      0 |   1 |    1.0 |
      Ice Cave |   1352 |   1352 |      0 |   1064 |      0 |   1 | 1352.0 |
               +--------+--------+--------+--------+--------+-----+--------+

Top non-repeatable levels by time:
     D:7: 3004 daAuts
   IceCv: 1352 daAuts
     D:4: 1296 daAuts
    D:10: 1076 daAuts
     D:3: 1056 daAuts
     D:1: 1056 daAuts
     D:9: 1001 daAuts
     D:2: 933 daAuts
     D:5: 919 daAuts
     D:6: 872 daAuts
     D:8: 668 daAuts
    D:11: 583 daAuts
  Lair:1: 1 daAuts
